Map: Iron Fortress LE (Void)

Players

Shamanas - Winner!

  • Race: Terran Terran

Paradox

  • Race: Terran Terran

VOD

Have the link to the VOD?

Description

Time

  • Played on: May 1, 2015, 5 p.m.
  • Length: 5:15
Show
View Real Time Build Order
Export as new Build Order

Shamanas Terran - Winner!

Build Orders: Siege Tank Drop 

Get SALT Encoding   

  12  0:02  SCV  
  13  0:14  SCV  
  14  0:18  Supply Depot  
  14  0:26  SCV  
  15  0:40  SCV, Barracks  
  16  0:45  Refinery  
  16  0:52  SCV  
  17  1:04  SCV  
  18  1:11  Supply Depot  
  18  1:16  SCV  
  19  1:28  Orbital Command  
  19  1:30  Reaper  
  20  1:44  Refinery  
  20  1:54  SCV  
  21  2:08  Factory  
  21  2:09  SCV  
  22  2:16  Command Center  
  22  2:21  SCV  
  23  2:27  Barracks Reactor  
  23  2:33  SCV  
  24  2:46  SCV  
  24  2:47  Supply Depot  
  25  2:53  Factory Tech Lab, Starport  
  25  2:58  SCV  
  26  3:10  SCV  
  26  3:12  Siege Tank, Marine x2  
  30  3:16  Supply Depot  
  32  3:22  SCV  
  33  3:28  Orbital Command  
  33  3:30  Medivac  
  33  3:33  Marine  
  36  3:34  SCV, Marine  
  38  3:46  SCV  
  39  3:53  Marine x2  
  43  3:55  Siege Tank  
  43  3:57  SCV  
  43  3:58  SCV  
  43  4:01  Refinery x2  
  45  4:08  Starport Tech Lab  
  45  4:09  SCV  
  46  4:11  Marine x2  
  46  4:13  Supply Depot  
  46  4:16  SCV, Missile Turret  
  49  4:22  SCV  
  50  4:27  Banshee  
  50  4:29  SCV  
  54  4:34  SCV  
  55  4:39  Marine x2  
  55  4:40  Siege Tank  
  55  4:41  SCV  
  61  4:46  SCV  
  62  4:58  SCV x2  
  64  5:04  Supply Depot x2  
  64  5:08  Missile Turret  
Show
View Real Time Build Order
Export as new Build Order

Paradox Terran 

Build Orders: 1/1/1, Banshee Rush 

Get SALT Encoding   

  12  0:01  SCV  
  13  0:13  SCV  
  14  0:19  Supply Depot  
  14  0:25  SCV  
  15  0:36  Refinery  
  15  0:40  SCV  
  16  0:48  Barracks  
  16  0:53  SCV  
  17  1:05  SCV  
  17  1:11  Supply Depot  
  18  1:17  SCV  
  19  1:29  SCV  
  20  1:35  Marine  
  21  1:40  Factory  
  21  1:42  Orbital Command  
  21  1:53  Marine  
  22  2:08  Refinery  
  22  2:13  Marine  
  22  2:15  SCV  
  24  2:25  Factory Tech Lab, Starport  
  24  2:30  Marine  
  24  2:32  SCV  
  26  2:46  SCV  
  26  2:48  Marine  
  28  2:52  Command Center  
  28  2:58  SCV  
  29  3:03  Supply Depot  
  28  3:10  SCV, Marine  
  29  3:21  Cloaking Field  
  29  3:22  SCV  
  29  3:24  Banshee  
  33  3:34  Factory Tech Lab  
  33  3:35  Barracks Reactor  
  33  3:39  SCV  
  34  3:42  Supply Depot  
  34  3:55  SCV  
  34  4:05  Orbital Command  
  34  4:07  SCV  
  35  4:12  Marine x2  
  35  4:14  Siege Tank  
  40  4:21  SCV  
  41  4:26  Orbital Command  
  41  4:30  Marine x2  
  43  4:56  Marine x2  
  43  5:01  SCV  
Tags
 
Add a new tag
Caveats
  • Supply blocks, unpowered buildings, or Contaminate may cause inaccurate times.
  • Supply counts are checked every 10 seconds.